 Dungeon Crawl Stone Soup version 0.27-a0-1301-g128193abf8 (webtiles) character file.

Game seed: 9980041129223566838

9 Froggeryz the Sneak (level 2, -9/26 HPs)
             Began as a Ghoul Delver on June 17, 2021.
             Was an Initiate of Okawaru.
             Mangled by Menkaure (12 damage)
             ... on level 5 of the Dungeon.
             The game lasted 00:00:37 (80 turns).

Froggeryz the Sneak (Ghoul Delver)                    Turns: 80, Time: 00:00:37

Health: -9/26      AC:  3    Str: 15    XL:     2   Next: 16%
Magic:  1/1        EV: 11    Int:  5    God:    Okawaru [......]
Gold:   0          SH:  0    Dex: 10    Spells: 1/1 levels left

rFire    . . .     SeeInvis .   a - +0 mace
rCold    + . .     Faith    .   (no shield)
rNeg     + + +     Spirit   .   b - +0 leather armour
rPois    ∞         Reflect  .   (no helmet)
rElec    .         Harm     .   (no cloak)
rCorr    .         Rampage  .   (no gloves)
Will     .....                  (no boots)
Stlth    +++.......             (no amulet)
HPRegen  0.00/turn              (no ring)
MPRegen  0.07/turn              (no ring)

@: flying, hasted, very quick
A: claws 1, cold resistance 1, negative energy resistance 3, inhibited
regeneration, torment resistance 2
a: Renounce Religion


You were on level 5 of the Dungeon.
You worshipped Okawaru.
Okawaru was noncommittal.
You visited 1 branch of the dungeon, and saw 1 of its levels.

Inventory:

Hand Weapons
 a - a +0 mace (weapon)
Armour
 b - a +0 leather armour (worn)
Wands
 g - a wand of digging (3)
Scrolls
 c - a scroll of fog
 d - a scroll of magic mapping
 e - a scroll of fear
Potions
 f - 2 potions of haste


   Skills:
 - Level 3.2 Fighting
 * Level 2.3 Maces & Flails
 + Level 0.7 Armour
 - Level 1.7 Dodging
 - Level 5.4 Stealth


You had one spell level left.
You didn't know any spells.
Your spell library was empty.

Dungeon Overview and Level Annotations

Branches:
Dungeon (5/15)
 Temple: D:4-7

Altars:
Okawaru

Annotations:
D:5 Menkaure


Innate Abilities, Weirdness & Mutations

You thrive by killing the living.
You are immune to poison.
You have sharp fingernails.
Your flesh is cold resistant. (rC+)
You are immune to negative energy. (rN+++)
You do not regenerate when monsters are visible.
You are immune to unholy pain and torment.


Message History

A jelly comes into view.
Found 10 gold pieces.
An adder comes into view.
Found a stone staircase leading down.
Found a stone staircase leading up.
You see here 10 gold pieces.
The adder hisses angrily.
Found an iron altar of Okawaru.
You closely miss the adder. The adder misses you. The adder bites you.
You sock the adder!
The adder is heavily wounded.
The adder closely misses you. The adder bites you but does no damage.
You barely miss the adder.
The adder is heavily wounded.
The adder misses you.
You barely miss the adder.
The adder is heavily wounded.
The adder bites you. The adder barely misses you.
You miss the adder.
The adder is heavily wounded.
The adder barely misses you. x2
You sock the adder!
You kill the adder!
Your Maces & Flails skill increases to level 2!
You have reached level 2!
Menkaure, Prince of Dust comes into view.
Menkaure shouts!
There is a stone staircase leading up here.
It was a potion of flight.
You feel very buoyant.
You fly up into the air.
Menkaure hits you!!
Ouch! That really hurt!
* * * LOW HITPOINT WARNING * * *
Menkaure hums a few words.
You feel yourself speed up.
There is an iron altar of Okawaru here.
You hover solemnly before the altar of Okawaru.
Okawaru welcomes you! Menkaure hits you!
You die...

######
#....#
#@M..#
#..._##
#.....#
#.....#
#....<#
#.....#
#.....#
#####.#
#.#


You could see Menkaure.

Vanquished Creatures
  An adder (D:5)
1 creature vanquished.

Notes
Turn   | Place    | Note
-------+----------+-------------------------------------------
     0 | D:5      | Froggeryz the Ghoul Delver began the quest for the Orb.
     0 | D:5      | Reached XP level 1. HP: 19/19 MP: 0/0
    14 | D:5      | Noticed an ogre
    33 | D:5      | Noticed a jelly
    60 | D:5      | Found an iron altar of Okawaru.
    67 | D:5      | Reached XP level 2. HP: 23/26 MP: 1/1
    67 | D:5      | Noticed Menkaure
    76 | D:5      | Became a worshipper of Warmaster Okawaru
    80 | D:5      | Mangled by Menkaure

Illustrated notes

Levels and vault maps discovered:
D:5:      layout_basic, overflow_temple_1_default, nemelex_altar_shiori,
          serial_shops, nicolae_lakefront_shop, uniq_edmund, uniq_menkaure

Skill      XL: |  1 |
---------------+----+-----
Maces & Flails | 2 |  2.3
Fighting       | |  3.2
Armour         | |  0.7
Dodging        | |  1.7
Stealth        | |  5.4

Action                   || total
-------------------------++-------
Melee: Mace              ||     6
  Use: Potion            ||     2
Armor: Leather armour    ||     1
Dodge: Dodged            ||     6

Table legend: (Time is in decaauts)
 A = Elapsed time spent in this place.
 B = Non-inter-level travel time spent in this place.
 C = Inter-level travel time spent in this place.
 D = Time resting spent in this place.
 E = Time spent auto-exploring this place.
 F = Levels seen in this place.
 G = Mean time per level.
                   A        B        C        D        E       F      G
               +--------+--------+--------+--------+--------+-----+--------+
         Total |     80 |     80 |      0 |      0 |     13 |   1 |   80.0 |
       Dungeon |     80 |     80 |      0 |      0 |     13 |   1 |   80.0 |
               +--------+--------+--------+--------+--------+-----+--------+

Top non-repeatable levels by time:
     D:5: 80 daAuts
